 Dungeon Crawl Stone Soup version 0.29-a0-923-g6e406bff71 (webtiles) character file.

Game seed: 8442114864785812624

46 testman the Vexing (level 3, 0/28 HPs)
             Began as a Barachi Arcane Marksman on July 27, 2022.
             Slain by a goblin
             ... wielding a +0 dagger
             ... led by Robin
              (2 damage)
             ... on level 1 of the Dungeon.
             The game lasted 00:04:12 (1453 turns).

testman the Vexing (Barachi Arcane Marksman)        Turns: 1453, Time: 00:04:13

Health: 0/28       AC:  3    Str:  9    XL:     3   Next: 66%
Magic:  4/4        EV: 12    Int: 16    God:
Gold:   75         SH:  0    Dex: 17    Spells: 3/4 levels left

rFire   . . .      SeeInvis .   a - +1 sling
rCold   . . .      Faith    .   (no shield)
rNeg    + . .      Spirit   .   c - +0 robe
rPois   .          Reflect  .   (no helmet)
rElec   .          Harm     .   (no cloak)
rCorr   .          Rampage  .   l - +0 pair of gloves
Will    .....                   (no boots)
Stlth   ++........              (no amulet)
HPRegen 0.09/turn               i - ring of positive energy
MPRegen 0.09/turn               (no ring)

@: unable to hop, slow
A: amphibious, slowness 1, strong legs 1, +LOS, agile 1, clever 1
a: Hop


You were on level 1 of the Dungeon.
You visited 1 branch of the dungeon, and saw 2 of its levels.

You collected 75 gold pieces.

Inventory:

Hand Weapons
 a - a +1 sling (weapon)
Armour
 c - a +0 robe (worn)
 l - a +0 pair of gloves (worn)
Jewellery
 i - a ring of positive energy (left hand)
Scrolls
 b - a scroll of vulnerability
 g - a scroll of immolation {unknown}
 h - a scroll of identify {unknown}
 j - a scroll of fog {unknown}
Potions
 d - a potion of mutation
 e - a potion of brilliance {unknown}
 f - a potion of curing {unknown}
 k - 2 potions of resistance {unknown}
 m - a potion of magic {unknown}
 n - a potion of might {unknown}
 o - a potion of lignification {unknown}


   Skills:
 + Level 2.9 Fighting
 + Level 3.0 Ranged Weapons
 - Level 2.1 Dodging
 - Level 1.1 Spellcasting
 + Level 3.4 Hexes


You had 3 spell levels left.
You knew the following spells:

 Your Spells              Type           Power      Damage    Failure   Level
a - Slow                  Hex            44%        N/A       5%          1

Your spell library contained the following spells:

 Spells                   Type           Power      Damage    Failure   Level
 Confusing Touch          Hex            11%        N/A       17%         3
 Inner Flame              Hex/Fire       6%         N/A       32%         3
 Portal Projectile        Hex/Tloc       12%        N/A       32%         3
 Vampiric Draining        Necr           0%         2d6       56%         3
 Cause Fear               Hex            5%         N/A       50%         4


Dungeon Overview and Level Annotations

Branches:
Dungeon (2/15)

Altars:

Annotations:
D:2 Robin


Innate Abilities, Weirdness & Mutations

You are amphibious.
You cover ground slowly.
You can hop short distances.
You have an extended range of vision and can be seen from far away.
You are agile. (Dex +4, Str/Int -1)
Your mind is acute. (Int +4, Str/Dex -1)


Message History

Robin closely misses you. The goblin hits you with a +0 dagger.
You shoot a sling bullet. The sling bullet hits Robin.
Robin is heavily wounded.
Robin hits you with a +0 mace. The goblin barely misses you.
Robin hits you but does no damage. The goblin hits you with a +0 dagger.
You are too injured to fight recklessly!
You are too injured to fight recklessly!
Hop to where?
Press: ? - help, Dir - move target, p - Robin Boing!
Robin throws the goblin at you! The goblin hits you with a +0 dagger.
The goblin hits you with a +0 dagger.
The goblin no longer looks unusually strong.
Robin roars a battlecry!
The goblin goes into a battle-frenzy!
Robin roars a battlecry!
The goblin completely misses you. The goblin attacks as you move away!
The goblin hits you with a +0 dagger.
* * * LOW HITPOINT WARNING * * *
The goblin no longer looks unusually strong.
The goblin barely misses you. The goblin attacks as you move away!
The goblin closely misses you.
Robin roars a battlecry!
The goblin no longer looks unusually strong.
Robin says, "A pitiful Frog like you will never find the ORB!"
Robin roars a battlecry!
The goblin goes into a battle-frenzy!
There is an escape hatch in the ceiling here.
Robin throws the goblin at you!
* * * LOW HITPOINT WARNING * * *
The goblin closely misses you. The goblin barely misses you.
The goblin hits you with a +0 dagger.
* * * LOW HITPOINT WARNING * * *
A mysterious force pulls you upwards. The hatch slams shut behind you.
Okay, then.
It was a potion of mutation.
You feel extremely strange.
You feel agile.
You feel clever. The goblin hits you with a +0 dagger.
* * * LOW HITPOINT WARNING * * *
The goblin hits you with a +0 dagger.
You die...

#.#.....>...#.........###........
#.#.........#.....<...# ##.......
#.#.........#.........# #.......
#.#.........#.........# #.......
#.#.........#....8....# ##......
#.###########...♣.....#####......
#.# #.........#...#.)#### #.#
#.........#...##.# #.######
#..g@g....#...##.## #
#.#....######.........#...##..###
#.'....'....'.........'...'......
###....######.........#...###..#.
#....# #.........#...####.#.
#.[..# ##.........#...#....#.
#....# #..........#...#......
#....# #...############......
#....# #.(.# #......


You could see 2 goblins.

Vanquished Creatures
  A dart slug (D:1)
  5 bats
  3 endoplasms
  A giant cockroach (D:2)
  5 goblins
  3 hobgoblins
  7 jackals
  2 quokkas (D:1)
  2 ball pythons
  4 frilled lizards (D:1)
  3 kobolds
  2 rats (D:1)
38 creatures vanquished.

Notes
Turn   | Place    | Note
-------+----------+-------------------------------------------
     0 | D:1      | testman the Barachi Arcane Marksman began the quest for the
                  | Orb.
     0 | D:1      | Reached XP level 1. HP: 15/15 MP: 2/2
   199 | D:1      | Reached XP level 2. HP: 12/22 MP: 1/3
   621 | D:1      | Found a faded altar of an unknown god.
   764 | D:1      | Reached XP level 3. HP: 16/28 MP: 4/4
  1434 | D:2      | Noticed Robin
  1453 | D:1      | Gained mutation: You are agile. (Dex +4, Str/Int -1)
                  | [potion of mutation]
  1453 | D:1      | Gained mutation: Your mind is acute. (Int +4, Str/Dex -1)
                  | [potion of mutation]
  1453 | D:1      | Slain by a goblin

Illustrated notes

Levels and vault maps discovered:
D:1:      wander_arrival_lonely_grave, layout_basic, basic_ecumenical_altar
D:2:      layout_basic, grunt_ministairs_8, uniq_robin, uniq_jessica

Skill      XL: |  1  2  3 |
---------------+----------+-----
Fighting       | 2 |  2.9
Ranged Weapons | 3 |  3.0
Dodging        | |  2.1
Spellcasting   | |  1.1
Hexes          | |  3.4

Action                   || total
-------------------------++-------
 Fire: Sling             ||   129
 Cast: Slow              ||     1
 Abil: Hop               ||     4
  Use: Potion            ||     1
Armor: Robe              ||    37
Dodge: Dodged            ||    80

Table legend: (Time is in decaauts)
 A = Elapsed time spent in this place.
 B = Non-inter-level travel time spent in this place.
 C = Inter-level travel time spent in this place.
 D = Time resting spent in this place.
 E = Time spent auto-exploring this place.
 F = Levels seen in this place.
 G = Mean time per level.
                   A        B        C        D        E       F      G
               +--------+--------+--------+--------+--------+-----+--------+
         Total |   1641 |   1621 |     20 |      0 |   1362 |   2 |  820.5 |
       Dungeon |   1641 |   1621 |     20 |      0 |   1362 |   2 |  820.5 |
               +--------+--------+--------+--------+--------+-----+--------+

Top non-repeatable levels by time:
     D:1: 1140 daAuts
     D:2: 501 daAuts
